 Dungeon Crawl Stone Soup version 0.29-a0-352-g0917bc69df (webtiles) character file.

Game seed: 6138769736187314932

744 ObtusePanda the Ducker (level 8, -2/63 HPs)
             Began as a Human Monk on Apr 23, 2022.
             Was a Believer of Wu Jian.
             Slain by an orc
             ... wielding a +0 flail
              (5 damage)
             ... on level 6 of the Dungeon.
             The game lasted 00:23:30 (5888 turns).

ObtusePanda the Ducker (Human Monk)                 Turns: 5888, Time: 00:23:31

Health: -2/63      AC: 12    Str: 12    XL:     8   Next: 5%
Magic:  17/17      EV: 16    Int: 16    God:    Wu Jian [**....]
Gold:   295        SH:  0    Dex: 21    Spells: 7/7 levels left

rFire   + . .      SeeInvis +   j - +1 rapier (protect)
rCold   . . .      Faith    .   (no shield)
rNeg    . . .      Spirit   .   b - +0 robe
rPois   .          Reflect  .   w - +0 helmet
rElec   .          Harm     .   g - +0 cloak
rCorr   .          Rampage  .   A - +0 pair of gloves
Will    .....                   (no boots)
Stlth   +++.......              n - amulet of magic regeneration
HPRegen 0.20/turn               r - ring of Vympoixa {Wiz rF+ Int+5 Dex+4 SInv}
MPRegen 0.55/turn               y - ring of magical power

@: under a protective aura, on berserk cooldown, slowed, very slow
A: no striking features
a: Renounce Religion, Wall Jump


You were on level 6 of the Dungeon.
You worshipped Wu Jian.
Wu Jian was pleased with you.
You visited 2 branches of the dungeon, and saw 8 of its levels.

You collected 355 gold pieces.
You spent 60 gold pieces at shops.

Inventory:

Hand Weapons
 a - a +0 short sword
 j - a +1 rapier of protection (weapon)
 p - a +3 hunting sling
Armour
 b - a +0 robe (worn)
 e - a +0 robe
 g - a +0 cloak (worn)
 w - a +0 helmet (worn)
 A - a +0 pair of gloves (worn)
Magical Staves
 C - a staff of fire
Jewellery
 n - an amulet of magic regeneration (around neck)
 r - the ring of Vympoixa (left hand) {Wiz rF+ Int+5 Dex+4 SInv}
   (You found it on level 4 of the Dungeon)

   [ring of wizardry]

   It improves your spell success rate.
   Int:       It affects your intelligence (+5).
   Dex:       It affects your dexterity (+4).
   rF:        It protects you from fire.
   SInv:      It lets you see invisible.
 y - a ring of magical power (right hand)
 z - an amulet of the acrobat
 D - an amulet of reflection
Wands
 l - a wand of acid (3)
 s - a wand of flame (26)
Scrolls
 d - a scroll of fear
 f - 3 scrolls of fog
 k - 2 scrolls of vulnerability
 m - 2 scrolls of immolation
 q - a scroll of brand weapon
 t - a scroll of blinking
Potions
 c - 2 potions of ambrosia
 h - 7 potions of curing
 i - a potion of mutation
 o - a potion of lignification
 u - a potion of cancellation
 x - a potion of magic {unknown}
 B - a potion of might {unknown}


   Skills:
 * Level 5.4 Fighting
 + Level 4.1(4.3) Short Blades
 - Level 2.2(3.4) Long Blades
 * Level 5.5 Dodging
 + Level 4.0 Stealth


You had 7 spell levels left.
You didn't know any spells.
Your spell library contained the following spells:

 Spells                   Type           Power      Damage    Failure   Level
 Corpse Rot               Necr/Air       0%         N/A       16%         2
 Poisonous Vapours        Pois/Air       0%         N/A       16%         2
 Call Canine Familiar     Summ           0%         N/A       28%         3
 Frozen Ramparts          Ice            0%         1d2       28%         3
 Portal Projectile        Hex/Tloc       0%         N/A       28%         3
 Ice Form                 Ice/Tmut       0%         N/A       65%         4
 Leda's Liquefaction      Hex/Erth       0%         N/A       65%         4
 Summon Ice Beast         Ice/Summ       0%         N/A       65%         4
 Fireball                 Conj/Fire      0%         3d3       93%         5
 Starburst                Conj/Fire      0%         6d3       100%        6
 Ignition                 Fire           0%         3d3       100%        8


Dungeon Overview and Level Annotations

Branches:
Dungeon (7/15)             Temple (1/1) D:6

Altars:
Gozag
Hepliaklqana
Makhleb
Ru
Sif Muna
Wu Jian

Shops:
D:3 :   D:5 !

Annotations:
D:6 Edmund


Message History

The orc barely misses you.
Edmund hits you with a +4 vorpal dire flail.
The orc wizard points at you and mumbles some strange words.
The magic dart hits you! The orc misses you.
You hit Edmund but do no damage.
Your weapon exudes an aura of protection.
You feel less confused. Edmund closely misses you. The orc misses you.
The orc wizard hits you with a +0 dagger.
The orc wizard hits you but does no damage.
You spin and attack the orc wizard.
You closely miss the orc wizard.
The orc wizard gestures wildly while chanting.
The orc wizard flickers and vanishes for a moment.
The orc wizard casts a spell.
The orc wizard flickers and vanishes for a moment.
The orc misses you.
Edmund hits you with a +4 vorpal dire flail!
* * * LOW HITPOINT WARNING * * *
You spin and attack Edmund.
You closely miss Edmund.
You spin and attack the orc.
You barely miss the orc.
Edmund hits you with a +4 vorpal dire flail.
* * * LOW HITPOINT WARNING * * *
x2 The orc closely misses you.
You feel better. Edmund misses you. The orc wizard misses you.
The orc hits you with a +0 war axe.
* * * LOW HITPOINT WARNING * * *
The orc hits you with a +0 flail.
* * * LOW HITPOINT WARNING * * *
The orc zaps a wand.
The puff of flame hits you. You resist.
* * * LOW HITPOINT WARNING * * *
The orc wizard hits you with a +0 mace.
* * * LOW HITPOINT WARNING * * *
Edmund closely misses you. The orc wizard casts a spell at you.
The puff of flame misses you.
You spin and attack the orc.
You hit the orc.
Your weapon exudes an aura of protection.
The orc is heavily wounded.
The orc hits you with a +0 flail.
You die...

###..# ... .... . #######
..# #..# #.
#####.....####..#. ..# ..
...................##.. .#
.../..........#.## ...##.#.
........o.@..##....##......
........o@o..## #....>.##.
.........oo..#...#.##......
......................##.#.
............##..##.#.....#.
............# .....#..##...
........>...###.##.......##
...........###......##[#...
...........# #...##....#...


You could see Edmund, 2 orc wizards and 3 orcs.

Vanquished Creatures
  Blork the orc (D:5)
  2 scorpions
  5 jellies
  3 hounds
  An iguana (D:5)
  2 orc wizards
  Robin (D:3)
  4 gnolls
  An adder (D:5)
  A shadow imp (D:5)
  6 worms
  3 dart slugs
  14 orcs
  8 ball pythons
  9 bats
  6 endoplasms
  4 giant cockroaches
  16 hobgoblins
  7 jackals
  14 kobolds
  5 quokkas
  5 frilled lizards
  20 goblins
  6 rats
144 creatures vanquished.

Notes
Turn   | Place    | Note
-------+----------+-------------------------------------------
     0 | D:1      | ObtusePanda the Human Monk began the quest for the Orb.
     0 | D:1      | Reached XP level 1. HP: 18/18 MP: 1/1
    46 | D:1      | Reached XP level 2. HP: 16/24 MP: 2/2
   481 | D:1      | Reached XP level 3. HP: 29/29 MP: 3/3
   674 | D:1      | Found a faded altar of an unknown god.
  1167 | D:1      | Reached XP level 4. HP: 27/35 MP: 4/4
  2454 | D:3      | Reached skill level 1 in Long Blades
  2504 | D:3      | Reached XP level 5. HP: 39/42 MP: 5/5
  2714 | D:3      | Found Rablum's Book Shoppe.
  3096 | D:3      | Noticed Robin
  3136 | D:3      | Killed Robin
  3644 | D:4      | You fall into a shaft and drop 3 floors!
  3644 | D:7      | Noticed an ice beast
  3670 | D:6      | Reached XP level 6. HP: 44/48 MP: 6/6
  3686 | D:6      | Found a staircase to the Ecumenical Temple.
  3689 | D:6      | Noticed Edmund
  3771 | Temple   | Entered the Ecumenical Temple
  3834 | Temple   | Became a worshipper of the Wu Jian Council
  3834 | Temple   | Reached * piety under Wu Jian
  3834 | Temple   | Reached ** piety under Wu Jian
  4013 | D:5      | Entered Level 5 of the Dungeon
  4116 | D:4      | Identified the ring of Vympoixa {Wiz rF+ Int+5 Dex+4 SInv}
  4665 | D:4      | Reached XP level 7. HP: 55/55 MP: 7/7
  4940 | D:5      | Found Oxtueg's Distillery.
  4962 | D:5      | Bought 2 potions of curing for 60 gold pieces
  5104 | D:5      | Noticed Blork the orc
  5106 | D:5      | Killed Blork the orc
  5107 | D:5      | Reached skill level 5 in Fighting
  5107 | D:5      | Reached skill level 5 in Dodging
  5536 | D:5      | Reached XP level 8. HP: 55/63 MP: 8/8
  5887 | D:6      | HP: 3/63 [orc wizard/+0 mace (1)]
  5888 | D:6      | Slain by an orc

Illustrated notes

Levels and vault maps discovered:
D:1:      heliophobic_arrival_glass_houses, layout_loops_ring,
          ebering_ecumenical_altar_abandoned
D:2:      layout_loops_ring, st_stairs_11, minmay_indecisive_spiral
D:3:      layout_basic, serial_shops, shop, uniq_robin
D:4:      layout_loops_corners, corexii_hall_statues_t, minmay_goblin_outpost
D:5:      layout_gridville, serial_shops, shop, uniq_blork_the_orc
D:6:      layout_cave_pods, minmay_temple_entry_ruins, dk_noncrumbling_2,
          uniq_edmund
D:7:      layout_cave_pods
Temple:   roderic_octagonal_lattice_temple

Skill      XL: |  1  2  3  4  5  6  7 |
---------------+----------------------+-----
Long Blades    | 1 2 |  2.2
Dodging        | 4 5 |  5.5
Fighting       | 4 5 |  5.4
Stealth        | 3 4 |  4.0
Short Blades   | 4 |  4.1

Action                   |  1- 3 |  4- 6 |  7- 9 || total
-------------------------+-------+-------+-------++-------
Melee: Short sword       |   109 |     2 |       ||   111
       Rapier            |       |   268 |    80 ||   348
       Punch             |       |     4 |     3 ||     7
Invok: Whirlwind         |       |    27 |    45 ||    72
       Lunge             |       |     5 |     9 ||    14
 Abil: Wall Jump         |       |     1 |     1 ||     2
  Use: Scroll            |       |     8 |     2 ||    10
       Potion            |       |     6 |     2 ||     8
 Stab: Sleeping          |     6 |    13 |     5 ||    24
Armor: Robe              |     8 |    87 |    22 ||   117
Dodge: Dodged            |    72 |   175 |    64 ||   311

Table legend: (Time is in decaauts)
 A = Elapsed time spent in this place.
 B = Non-inter-level travel time spent in this place.
 C = Inter-level travel time spent in this place.
 D = Time resting spent in this place.
 E = Time spent auto-exploring this place.
 F = Levels seen in this place.
 G = Mean time per level.
                   A        B        C        D        E       F      G
               +--------+--------+--------+--------+--------+-----+--------+
         Total |   5903 |   5632 |    271 |    427 |   3009 |   8 |  737.9 |
       Dungeon |   5819 |   5571 |    248 |    427 |   2970 |   7 |  831.3 |
        Temple |     84 |     61 |     23 |      0 |     39 |   1 |   84.0 |
               +--------+--------+--------+--------+--------+-----+--------+

Top non-repeatable levels by time:
     D:1: 1525 daAuts
     D:3: 1096 daAuts
     D:4: 1061 daAuts
     D:5: 968 daAuts
     D:2: 870 daAuts
     D:6: 278 daAuts
  Temple: 84 daAuts
     D:7: 19 daAuts
